 Dungeon Crawl Stone Soup version 0.27.1-33-g824d729ab1 (webtiles) character file.

Game seed: 757729249405469784

74004 demibob the Fighter (level 15, 0/127 HPs)
             Began as a Demonspawn Berserker on Nov 24, 2021.
             Was a High Priest of Trog.
             Slain by a white very ugly thing (27 damage)
             ... on level 1 of the Abyss.
             The game lasted 00:30:09 (22309 turns).

demibob the Fighter (Demonspawn Berserker)         Turns: 22309, Time: 00:30:09

Health: 0/127      AC: 14    Str: 18    XL:     15   Next: 5%
Magic:  15/15      EV: 23    Int: 10    God:    Trog [*****.]
Gold:   1121       SH:  0    Dex: 21    Spells: 14/14 levels left

rFire    . . .     SeeInvis +   a - +10 whip of the Onslaught {vorpal, Will+ SInv}
rCold    . . .     Faith    +   (no shield)
rNeg     + . .     Spirit   .   S - +4 ring mail of Noughts and Crosses {rN+ Dex+4}
rPois    +         Reflect  .   (helmet unavailable)
rElec    .         Harm     .   (no cloak)
rCorr    .         Rampage  .   v - +0 pair of gloves
Will     ++++.                  J - +1 pair of boots
Stlth    +.........             q - amulet of faith {!P}
HPRegen  1.31/turn              T - +4 ring of protection
MPRegen  0.14/turn              E - +4 ring of evasion

@: strong-willed, corroded, regenerating
A: antennae 3, slimy green scales 3, demonic guardian 1, evolution 1
a: Renounce Religion, Berserk, Trog's Hand, Brothers in Arms


You were on level 1 of the Abyss.
You worshipped Trog.
Trog was extremely pleased with you.
You visited 2 branches of the dungeon, and saw 18 of its levels.
You visited the Abyss 1 time.

You collected 1121 gold pieces.


Innate Abilities, Weirdness & Mutations

You have a pair of large antennae on your head. (SInv)
You are completely covered in slimy green scales. (AC +4, rPois)
A weak demonic guardian rushes to your aid.
You evolve.


   Skills:
 + Level 14.8 Fighting
 - Level 6.1 Long Blades
 - Level 14.0 Maces & Flails
 + Level 8.4 Armour
 - Level 11.5 Dodging


You had 14 spell levels left.
You didn't know any spells.
Your spell library was empty.

Inventory:

Hand Weapons
 a - the +10 whip of the Onslaught (weapon) {vorpal, Will+ SInv}
   (You found it on level 4 of the Dungeon)

   It inflicts extra damage upon your enemies.
   SInv:      It lets you see invisible.
   Will:      It increases your willpower.
 b - a +1 scimitar of flaming
 u - a +4 antimagic dire flail
 x - a +4 antimagic dire flail
Missiles
 i - 10 atropa-tipped darts (quivered)
 k - 82 poisoned darts
 M - 3 throwing nets {=f}
Armour
 t - a +2 hat of willpower
 v - a +0 pair of gloves (worn)
 J - a +1 pair of boots (worn)
 S - the +4 ring mail of Noughts and Crosses (worn) {rN+ Dex+4}
   (You found it on level 5 of the Lair of Beasts)

   Dex:       It affects your dexterity (+4).
   rN:        It protects you from negative energy.
Jewellery
 f - a ring of fire
 q - an amulet of faith (around neck) {!P}
 r - an amulet of the acrobat
 D - a +6 ring of dexterity
 E - a +4 ring of evasion (right hand)
 F - a ring of protection from fire
 G - an amulet of guardian spirit
 K - the ring "Necuf" {rElec Int+3 Dex+6}
   (You found it on level 3 of the Lair of Beasts)

   [ring of dexterity]

   Int:       It affects your intelligence (+3).
   Dex:       It affects your dexterity (+6).
   rElec:     It insulates you from electricity.
 L - a ring of flight
 T - a +4 ring of protection (left hand)
Wands
 l - a wand of digging (4)
 w - a wand of polymorph (16)
 A - a wand of paralysis (10)
 O - a wand of acid (6)
 R - a wand of iceblast (5)
Scrolls
 g - 8 scrolls of teleportation {@r2}
 m - 5 scrolls of magic mapping
 n - 4 scrolls of enchant weapon
 s - a scroll of enchant armour
 y - 2 scrolls of identify {@r1}
 C - a scroll of blinking
 I - 2 scrolls of fog
Potions
 c - 5 potions of flight
 d - 2 potions of might
 e - 2 potions of curing {@q1}
 h - 2 potions of ambrosia
 j - 3 potions of attraction
 o - 2 potions of invisibility
 p - a potion of cancellation
 z - 3 potions of resistance
 H - 2 potions of haste {@q3}
 N - a potion of mutation
 U - a potion of magic

Dungeon Overview and Level Annotations

Branches:
Dungeon (12/15)            Temple (0/1) D:5            Lair (6/6) D:10
 Shoals (0/4) Lair:3        Snake (0/4) Lair:3        Slime (0/5) Lair:5
    Orc: D:9-12

Altars:
Ashenzari
Dithmenos
Elyvilon
Zin
The Shining One

Annotations:
D:7 1 runed translucent door
D:12 Sonja
Lair:3 exclusion: oklob plant
Lair:5 3 runed translucent doors, Baconl0rd's ghost, journeyman MiFi

░ #. ▒ # ▒ . ▒
▒ ░.. #▒ .
▒▓.# . ▒..#▒▒
▒ ▓.▒.. ▓ .
▓.### ≈
▒.▒▒▒@#.▒ ..≈
. ▒...5u▒.# #.
░▓.▒▒Tu{#Z....
▓ ▒▒▒.{░ .
▒.▒.u. .▒ ▒#.▓
. ... .. ▓#..#
.#▓ .#.


You could see 2 very ugly things, a friendly iron troll (summoned, berserk) and
a friendly ufetubus (summoned).


Message History

Trog accepts your kill.
A brown very ugly thing comes into view.
You closely miss the brown very ugly thing.
The brown very ugly thing is heavily wounded.
You barely miss the brown very ugly thing.
The brown very ugly thing is heavily wounded.
The brown very ugly thing trunk-slaps you!
* * * LOW HITPOINT WARNING * * *
The acid corrodes you!
You are splashed with acid!
* * * LOW HITPOINT WARNING * * *
A demonic guardian appears!
Your iron troll bites the brown very ugly thing.
Your iron troll claws the brown very ugly thing!
Your iron troll claws the brown very ugly thing!!
You whack the brown very ugly thing!
You kill the brown very ugly thing!
Trog accepts your kill.
Your iron troll bites the white very ugly thing.
Your iron troll claws the white very ugly thing!
Your iron troll claws the white very ugly thing.
Your ufetubus hits the white very ugly thing but does no damage. x2
Your iron troll bites the white very ugly thing!
Your iron troll claws the white very ugly thing!
Your iron troll completely misses the white very ugly thing.
You feel better.
Your ufetubus hits the white very ugly thing. x2
The white very ugly thing kicks you!
* * * LOW HITPOINT WARNING * * *
The white very ugly thing freezes you!!
You die...

Skill      XL: |  1  2  3  4  5  6  7  8  9 10 11 12 13 14 |
---------------+-------------------------------------------+-----
Long Blades    | 3 4 5 6 |  6.1
Maces & Flails | 3 6 9 11 12 13 14 | 14.0
Fighting       | 6 9 10 12 14 | 14.8
Dodging        | 5 8 9 11 | 11.5
Armour         | 3 8 |  8.4

Action                   |  1- 3 |  4- 6 |  7- 9 | 10-12 | 13-15 || total
-------------------------+-------+-------+-------+-------+-------++-------
Melee: Falchion          |    89 |   112 |       |       |       ||   201
       Whip              |       |    40 |   213 |   696 |  1146 ||  2095
       Scimitar          |       |       |       |     9 |       ||     9
Invok: Berserk           |       |     3 |     4 |     9 |    10 ||    26
       Trog's Hand       |       |       |       |     2 |     4 ||     6
       Brothers in Arms  |       |       |       |       |     5 ||     5
  Use: Scroll            |     2 |     9 |     4 |     6 |     5 ||    26
       Potion            |       |     2 |     1 |       |     6 ||     9
 Stab: Sleeping          |     3 |     2 |     1 |     1 |       ||     7
       Distracted        |       |       |       |     1 |     3 ||     4
       Petrified         |       |       |       |       |     1 ||     1
Armor: Animal skin       |    12 |    37 |    74 |       |       ||   123
       Steam dragon scal |       |       |     2 |   143 |    83 ||   228
       Ring mail         |       |       |       |       |   147 ||   147
Dodge: Dodged            |    63 |    89 |    89 |   354 |   632 ||  1227
       Rpst.: Falchion   |    18 |    11 |       |       |       ||    29

Levels and vault maps discovered:
D:1:      sevenhm_arrival_forest_fort_large_2, layout_basic,
          ebering_ecumenical_altar_sacrificial
D:2:      layout_loops_corners, minivault_4, minmay_misc_feat_more_columns,
          uniq_jessica
D:3:      layout_rooms, lemuel_doored_altar, elyvilon_altar_5
D:4:      layout_cave_pools
D:5:      layout_loops_cross, minmay_temple_entry_trees, roderic_lattice_a
D:6:      layout_rooms, nicolae_overflow_hidden_temple,
          amcnicky_mini_pool_medium
D:7:      layout_basic, mainiacjoe_overflow_concentric_impassable,
          ebering_ghost_reflecting_pool, glass_columns_b
D:8:      layout_loops_cross, special_room [special_room_kobold],
          uniq_gastronok, uniq_pikel, uniq_maggie
D:9:      layout_small_grid
D:10:     layout_irregular_city, lair_entry_dummy,
          hangedman_abyss_or_decor_stabs, serial_bayou_lagoon_a,
          minmay_hedge_maze
D:11:     layout_basic
D:12:     minmay_the_grid_triangle_9x9_rhombus_thin_mashed
          [minmay_the_grid_triangle_9x9_thin_v,
          minmay_the_grid_triangle_9x9_prize_top_heavy,
          minmay_the_grid_triangle_9x9_negative_grid,
          minmay_the_grid_triangle_9x9_warning], layout_loops_ring,
          kennysheep_orc_monster_closet_entryway, gammafunk_ghost_necromancy,
          nicolae_qazlal_scattered_showers, uniq_frances, uniq_sonja
Lair:1:   layout_regular_city, beast_lair_carwin_7, uniq_fannar, uniq_erica,
          uniq_nergalle
Lair:2:   layout_roguey, grunt_forest_small_clearings, grunt_megastairs_4
Lair:3:   layout_loops_ring, elwin_shoals_entry_stream,
          minmay_snake_entry_guardpost_small
Lair:4:   nzn_winding_woodlands_medium [nzn_winding_woodlands_5x5_open_star,
          nzn_winding_woodlands_5x15_crooked,
          nzn_winding_woodlands_5x5_perimeter,
          nzn_winding_woodlands_5x5_closed_star,
          nzn_winding_woodlands_center_pierced_h,
          nzn_winding_woodlands_5x5_default,
          nzn_winding_woodlands_5x5_checkerboard,
          nzn_winding_woodlands_5x15_default, nzn_winding_woodlands_hourglass],
          layout_loops_ring, grunt_forest_small_clearing_treed, uniq_snorg
Lair:5:   layout_gridlike, minmay_slime_entry_pillars, gammafunk_ghost_icy,
          infiniplex_staircase_pool
Lair:6:   gammafunk_lair_ancient_temple, layout_gridlike
Abyss:1:  base: D:1, minivault_25_ag, hangedman_relentless_pull,
          hangedman_relentless_pull, bh_abyss_xom_lugonu_altar

Notes
Turn   | Place    | Note
-------+----------+-------------------------------------------
     0 | D:1      | demibob the Demonspawn Berserker began the quest for the
                  | Orb.
     0 | D:1      | Reached XP level 1. HP: 18/18 MP: 1/1
   105 | D:1      | Reached skill level 3 in Long Blades
   270 | D:1      | Gained mutation: You have a pair of small antennae on your
                  | head. [demonic ancestry]
   270 | D:1      | Reached XP level 2. HP: 17/24 MP: 2/2
   434 | D:1      | Found a faded altar of an unknown god.
  1756 | D:2      | Gained mutation: You are partially covered in slimy green
                  | scales. (AC +2) [demonic ancestry]
  1756 | D:2      | Reached XP level 3. HP: 24/29 MP: 3/3
  1966 | D:2      | Reached skill level 4 in Long Blades
  1967 | D:2      | Noticed Jessica
  1974 | D:2      | Killed Jessica
  2114 | D:2      | Reached ** piety under Trog
  2278 | D:2      | Reached XP level 4. HP: 34/35 MP: 4/4
  2919 | D:3      | Noticed an ogre
  2930 | D:3      | Killed an ogre
  2931 | D:3      | Reached skill level 5 in Long Blades
  2931 | D:3      | Reached XP level 5. HP: 40/41 MP: 5/5
  3073 | D:3      | HP: 2/41 [gnoll (3)]
  3856 | D:3      | Gained mutation: Your body sometimes deteriorates upon
                  | taking damage. [potion of mutation]
  3856 | D:3      | Gained mutation: You have a pair of antennae on your head.
                  | [potion of mutation]
  3857 | D:3      | Lost mutation: Your body sometimes deteriorates upon taking
                  | damage. [potion of mutation]
  3857 | D:3      | Lost mutation: You have a pair of antennae on your head.
                  | [potion of mutation]
  3857 | D:3      | Gained mutation: You are frail. (-10% HP) [potion of
                  | mutation]
  3857 | D:3      | Gained mutation: You evolve. [potion of mutation]
  3900 | D:4      | Reached skill level 6 in Long Blades
  3980 | D:4      | Identified the +10 whip of the Onslaught {vorpal, Will+
                  | SInv}
  4121 | D:4      | Reached XP level 6. HP: 42/42 MP: 6/6
  4167 | D:4      | Reached skill level 1 in Maces & Flails
  4290 | D:4      | Reached *** piety under Trog
  4462 | D:4      | Reached skill level 2 in Maces & Flails
  4599 | D:4      | Identified a scroll of acquirement
  4599 | D:4      | Acquired a +0 hat of willpower
  4638 | D:5      | Entered Level 5 of the Dungeon
  4787 | D:5      | Reached skill level 3 in Maces & Flails
  4793 | D:5      | Gained mutation: You are mostly covered in slimy green
                  | scales. (AC +3) [demonic ancestry]
  4793 | D:5      | Reached XP level 7. HP: 46/46 MP: 7/7
  5035 | D:5      | Reached skill level 4 in Maces & Flails
  5198 | D:5      | Reached skill level 5 in Maces & Flails
  5214 | D:5      | Found a staircase to the Ecumenical Temple.
  5546 | D:6      | Reached skill level 6 in Maces & Flails
  5645 | D:6      | Reached XP level 8. HP: 40/52 MP: 8/8
  5765 | D:6      | Reached skill level 7 in Maces & Flails
  5771 | D:6      | Reached skill level 8 in Maces & Flails
  5782 | D:6      | Reached skill level 9 in Maces & Flails
  5885 | D:6      | Identified the +0 helmet of the Distant Future {Fly rF-
                  | rC++ Int+2}
  6032 | D:6      | Gained mutation: You are completely covered in slimy green
                  | scales. (AC +4, rPois) [demonic ancestry]
  6032 | D:6      | Reached XP level 9. HP: 46/56 MP: 9/9
  6166 | D:6      | Found a shadowy altar of Dithmenos.
  6176 | D:6      | Found a broken altar of Ashenzari.
  6460 | D:7      | Reached skill level 10 in Maces & Flails
  6937 | D:7      | Reached **** piety under Trog
  7110 | D:7      | Found a runed translucent door.
  7161 | D:7      | Reached skill level 11 in Maces & Flails
  7693 | D:8      | Noticed Pikel
  7703 | D:8      | Killed Pikel
  7704 | D:8      | Reached XP level 10. HP: 63/63 MP: 10/10
  7973 | D:8      | Noticed Gastronok
  7986 | D:8      | Killed Gastronok
  7987 | D:8      | Reached skill level 12 in Maces & Flails
  7987 | D:8      | Reached skill level 4 in Fighting
  7987 | D:8      | Reached skill level 4 in Dodging
  8210 | D:8      | Reached skill level 5 in Fighting
  8300 | D:8      | Reached skill level 6 in Fighting
  8300 | D:8      | Reached skill level 5 in Dodging
  8306 | D:8      | Reached ***** piety under Trog
  8538 | D:8      | Noticed Maggie
  8548 | D:8      | Killed Maggie
  9166 | D:9      | Noticed a smoke demon
  9167 | D:9      | Noticed a soul eater
  9195 | D:9      | Reached XP level 11. HP: 44/74 MP: 11/11
  9205 | D:9      | Reached skill level 7 in Fighting
  9205 | D:9      | Reached skill level 6 in Dodging
  9727 | D:9      | Gained mutation: Your muscles are strong. (Str +2)
                  | [evolution]
  9887 | D:10     | Entered Level 10 of the Dungeon
 10261 | D:10     | Found a staircase to the Lair.
 10277 | D:10     | Noticed a two-headed ogre
 10314 | D:10     | Killed a two-headed ogre
 10609 | D:10     | Noticed a two-headed ogre
 10622 | D:10     | Killed a two-headed ogre
 10623 | D:10     | Reached skill level 8 in Fighting
 10623 | D:10     | Reached skill level 7 in Dodging
 10630 | D:10     | Gained mutation: Armour fits poorly on your strangely
                  | shaped body. [evolution]
 10790 | D:10     | Received a gift from Trog
 11136 | Lair:1   | Entered Level 1 of the Lair of Beasts
 11337 | Lair:1   | Noticed a six-headed hydra
 11346 | Lair:1   | Killed a six-headed hydra
 11381 | Lair:1   | Noticed Nergalle
 11394 | Lair:1   | Noticed Fannar
 11567 | Lair:1   | Noticed Erica
 11587 | Lair:1   | Killed Erica
 11645 | Lair:1   | Noticed a seven-headed hydra
 11657 | Lair:1   | Killed a one-headed hydra
 11801 | Lair:1   | Killed Fannar
 11802 | Lair:1   | Reached skill level 9 in Fighting
 11964 | Lair:1   | Reached skill level 8 in Dodging
 11964 | Lair:1   | Gained mutation: A weak demonic guardian rushes to your
                  | aid. [demonic ancestry]
 11964 | Lair:1   | Reached XP level 12. HP: 68/85 MP: 12/12
 11979 | Lair:1   | Killed Nergalle
 12222 | Lair:1   | Reached skill level 13 in Maces & Flails
 12722 | Lair:1   | Lost mutation: Armour fits poorly on your strangely shaped
                  | body. [evolution]
 12948 | Lair:2   | Noticed an eight-headed hydra
 12959 | Lair:2   | Killed an eight-headed hydra
 13348 | Lair:2   | Reached skill level 10 in Fighting
 13391 | Lair:2   | Reached skill level 9 in Dodging
 13926 | Lair:3   | Found a staircase to the Snake Pit.
 14165 | Lair:3   | Identified the ring "Necuf" {rElec Int+3 Dex+6}
 14288 | Lair:3   | Noticed a five-headed hydra
 14298 | Lair:3   | Killed a five-headed hydra
 14352 | Lair:3   | Noticed a five-headed hydra
 14366 | Lair:3   | Killed a five-headed hydra
 14472 | Lair:3   | Found a staircase to the Shoals.
 14632 | Lair:3   | Identified the +12 hunting sling of the Beast {vorpal, rF++
                  | Will- Stlth+}
 15094 | Lair:4   | Received a gift from Trog
 15095 | Lair:4   | Noticed Snorg
 15130 | Lair:4   | Gained mutation: You have a pair of antennae on your head.
                  | [demonic ancestry]
 15130 | Lair:4   | Reached XP level 13. HP: 53/94 MP: 13/13
 15330 | Lair:4   | Killed Snorg
 15331 | Lair:4   | Reached skill level 11 in Fighting
 15353 | Lair:4   | Reached skill level 10 in Dodging
 15706 | Lair:4   | Reached skill level 14 in Maces & Flails
 16124 | Lair:4   | Reached skill level 12 in Fighting
 16182 | Lair:4   | Reached skill level 11 in Dodging
 16682 | Lair:4   | Lost mutation: You are frail. (-10% HP) [evolution]
 17017 | Lair:4   | Identified 2 potions of resistance
 17099 | Lair:5   | Reached skill level 2 in Armour
 17216 | Lair:5   | Received a gift from Trog
 17437 | Lair:5   | Found a staircase to the Slime Pits.
 17464 | Lair:5   | Reached skill level 3 in Armour
 17553 | Lair:5   | Reached XP level 14. HP: 89/116 MP: 14/14
 17750 | Lair:5   | Found a runed translucent gate.
 17841 | Lair:5   | Identified the +4 ring mail of Noughts and Crosses {rN+
                  | Dex+4}
 18006 | Lair:5   | Reached skill level 13 in Fighting
 18211 | Lair:5   | Noticed Baconl0rd's ghost (journeyman MiFi)
 18236 | Lair:5   | Found a runed translucent gate.
 18236 | Lair:5   | Found a runed translucent gate.
 18363 | Lair:6   | Entered Level 6 of the Lair of Beasts
 18387 | Lair:6   | Reached skill level 4 in Armour
 18904 | Lair:6   | Reached skill level 5 in Armour
 19323 | Lair:6   | Received a gift from Trog
 19498 | Lair:6   | Reached skill level 6 in Armour
 19673 | Lair:6   | Reached skill level 14 in Fighting
 20619 | D:11     | Reached skill level 7 in Armour
 21155 | D:11     | Lost mutation: Your muscles are strong. (Str +2)
                  | [evolution]
 21543 | D:12     | Noticed Sonja
 21587 | D:12     | You are cast into the Abyss!
 21587 | D:12     | Cast into level 1 of the Abyss (Sonja)
 21650 | Abyss:1  | Found a corrupted altar of Lugonu.
 21663 | Abyss:1  | Found a corrupted altar of Lugonu.
 21776 | Abyss:1  | Noticed a starcursed mass
 22174 | Abyss:1  | Reached ****** piety under Trog
 22242 | Abyss:1  | Reached skill level 8 in Armour
 22255 | Abyss:1  | Noticed a bone dragon
 22255 | Abyss:1  | Received a gift from Trog
 22284 | Abyss:1  | Killed a bone dragon
 22285 | Abyss:1  | Gained mutation: You have a pair of large antennae on your
                  | head. (SInv) [demonic ancestry]
 22285 | Abyss:1  | Reached XP level 15. HP: 34/127 MP: 15/15
 22309 | Abyss:1  | Slain by a white very ugly thing

Vanquished Creatures
  Gastronok (D:8)
  A very ugly thing (Abyss:1)
  Snorg (Lair:4)
  A boulder beetle (D:11)
  Fannar (Lair:1)
  7 hydras
  3 two-headed ogres
  2 catoblepae (Lair:6)
  Erica (Lair:1)
  13 death yaks
  A thrashing horror (Abyss:1)
  Nergalle (Lair:1)
  A storm dragon zombie (Abyss:1)
  2 wretched stars (Abyss:1)
  A glowing orange brain (Abyss:1)
  Pikel (D:8)
  A wolf spider (Lair:4)
  2 ugly things
  3 centaur zombies
  2 cyclopes (D:11)
  2 manticores (Lair:6)
  3 large abominations (Abyss:1)
  A smoke demon (Abyss:1)
  5 black mambas
  A merfolk siren (Lair:3)
  17 elephants
  A torpor snail (Lair:4)
  Maggie (D:8)
  10 cane toads
  12 komodo dragons
  2 kobold demonologists
  2 rime drakes
  2 hellwings (Abyss:1)
  3 merfolk (Lair:3)
  5 polar bears
  A hornet (Lair:6)
  3 slime creatures (Lair:5)
  2 snapping turtles (Lair:6)
  15 blink frogs
  2 dream sheep (Lair:6)
  3 starcursed masses (Abyss:1)
  6 wyverns
  55 yaks
  4 wraiths
  A ynoxinul (Abyss:1)
  4 basilisks
  A neqoxec (Abyss:1)
  4 steam dragons
  4 nagas (Lair:3)
  An acid dragon (D:10)
  14 water moccasins
  12 black bears
  5 orc warriors
  2 small abominations (Abyss:1)
  2 ogres
  A necrophage (D:5)
  7 wolves
  3 phantoms
  A lemure (D:8)
  20 kobold brigands
  16 bullfrogs
  3 scorpions
  A water moccasin skeleton (D:6)
  3 killer bees (D:8)
  A howler monkey (D:8)
  3 wights (D:7)
  An electric eel (D:10)
  A bullfrog zombie (D:6)
  9 orc priests
  3 hounds
  A jelly (D:7)
  An iron imp (Abyss:1)
  3 bullfrog skeletons
  A centaur skeleton (D:5)
  Jessica (D:2)
  11 orc wizards
  2 iguanas
  A hell rat (Lair:4)
  A howler monkey zombie (D:9)
  5 adders
  4 gnolls (D:3)
  A shadow imp (D:6)
  2 white imps (D:6)
  2 ufetubi
  A worm (D:4)
  4 dart slugs
  25 orcs
  6 ball pythons
  9 endoplasms
  3 giant cockroaches
  7 goblins
  6 hobgoblins
  27 kobolds
  3 quokkas
  3 bats
  2 frilled lizards (D:1)
  6 rats
465 creatures vanquished.

Vanquished Creatures (collateral kills)
  A bone dragon (Abyss:1)
  A very ugly thing (Abyss:1)
  A merfolk avatar (Lair:6)
  An oklob plant (Lair:5)
  A smoke demon (Abyss:1)
  A komodo dragon (Lair:6)
  5 dream sheep (Lair:6)
  A wolf (Lair:6)
  A white imp (Abyss:1)
  An orc (D:11)
14 creatures vanquished.

Vanquished Creatures (others)
  An orc wizard (D:7)
  42 fungi
  80 plants
123 creatures vanquished.

Grand Total: 602 creatures vanquished

Table legend: (Time is in decaauts)
 A = Elapsed time spent in this place.
 B = Non-inter-level travel time spent in this place.
 C = Inter-level travel time spent in this place.
 D = Time resting spent in this place.
 E = Time spent auto-exploring this place.
 F = Levels seen in this place.
 G = Mean time per level.
                   A        B        C        D        E       F      G
               +--------+--------+--------+--------+--------+-----+--------+
         Total |  21581 |  20880 |    701 |   3706 |  14052 |  19 | 1135.8 |
       Dungeon |  12016 |  11565 |    451 |   2130 |   7867 |  12 | 1001.3 |
          Lair |   8933 |   8683 |    250 |   1276 |   6048 |   6 | 1488.8 |
         Abyss |    631 |    631 |      0 |    299 |    137 |   1 |  631.0 |
               +--------+--------+--------+--------+--------+-----+--------+

Top non-repeatable levels by time:
  Lair:6: 1932 daAuts
  Lair:4: 1889 daAuts
     D:1: 1694 daAuts
  Lair:1: 1594 daAuts
  Lair:5: 1246 daAuts
     D:8: 1241 daAuts
     D:2: 1234 daAuts
    D:10: 1207 daAuts
  Lair:3: 1157 daAuts
  Lair:2: 1112 daAuts
     D:6: 1049 daAuts
     D:9: 1023 daAuts
    D:11: 990 daAuts
     D:3: 982 daAuts
     D:7: 938 daAuts

Table legend:
 A = Non-vault XP
 B = Vault XP
 C = Vault XP percentage of total XP
 D = Non-vault monster count
 E = Vault monster count
 F = Vault count percentage of total count
                 A         B        C        D         E       F
            +---------+---------+-------+---------+---------+-------
      Total |   78857 |   26864 |  25.4 |     384 |      94 |  19.7
            +---------+---------+-------+---------+---------+-------
        D:1 |      38 |       0 |   0.0 |      20 |       0 |   0.0
        D:2 |      41 |      37 |  47.4 |      15 |       1 |   6.2
        D:3 |     213 |       0 |   0.0 |      18 |       0 |   0.0
        D:4 |     198 |       0 |   0.0 |      21 |       0 |   0.0
        D:5 |     683 |       0 |   0.0 |      12 |       0 |   0.0
        D:6 |    1774 |      13 |   0.7 |      16 |       2 |  11.1
        D:7 |    1961 |       0 |   0.0 |      23 |       0 |   0.0
        D:8 |     440 |    4950 |  91.8 |      11 |      24 |  68.6
        D:9 |    1477 |       0 |   0.0 |      25 |       0 |   0.0
       D:10 |    4505 |       0 |   0.0 |      26 |       0 |   0.0
       D:11 |    6540 |       0 |   0.0 |      30 |       0 |   0.0
     Lair:1 |    3697 |    4523 |  55.0 |      10 |      15 |  60.0
     Lair:2 |    6037 |     147 |   2.4 |      21 |       1 |   4.5
     Lair:3 |    3382 |    2029 |  37.5 |       9 |       8 |  47.1
     Lair:4 |   15467 |    8223 |  34.7 |      37 |      22 |  37.3
     Lair:5 |    6763 |    1045 |  13.4 |      23 |       3 |  11.5
     Lair:6 |   14212 |    5442 |  27.7 |      43 |      17 |  28.3
    Abyss:1 |   11429 |     455 |   3.8 |      24 |       1 |   4.0
            +---------+---------+-------+---------+---------+-------
